 Dungeon Crawl Stone Soup version 0.27.1-34-g3ba077fa99 (webtiles) character file.

Game seed: 12644329370556264205

2 mcbry74 the Caller (level 1, -1/13 HPs)
             Began as a Merfolk Summoner on Jan 28, 2022.
             Slain by a kobold (3 damage)
             ... on level 1 of the Dungeon.
             The game lasted 00:02:29 (385 turns).

mcbry74 the Caller (Merfolk Summoner)                Turns: 385, Time: 00:02:30

Health: -1/13      AC:  2    Str:  8    XL:     1   Next: 40%
Magic:  3/3        EV: 12    Int: 14    God:
Gold:   11         SH:  0    Dex: 14    Spells: 3/4 levels left

rFire    . . .     SeeInvis .   c - +0 rapier
rCold    . . .     Faith    .   (no shield)
rNeg     . . .     Spirit   .   a - +0 robe
rPois    .         Reflect  .   (no helmet)
rElec    .         Harm     .   (no cloak)
rCorr    .         Rampage  .   (no gloves)
Will     .....                  (no boots)
Stlth    ++........             (no amulet)
HPRegen  0.04/turn              (no ring)
MPRegen  0.08/turn              (no ring)

@: no status effects
A: (nimble swimmer 2), mertail
a: no special abilities


You were on level 1 of the Dungeon.
You visited 1 branch of the dungeon, and saw 1 of its levels.

You collected 11 gold pieces.

Inventory:

Hand Weapons
 b - a +0 club
 c - a +0 rapier (weapon)
Armour
 a - a +0 robe (worn)


   Skills:
 * Level 0.0 Short Blades
 - Level 2.6 Dodging
 - Level 2.1 Stealth
 - Level 2.0 Spellcasting
 + Level 4.1 Summonings


You had 3 spell levels left.
You knew the following spells:

 Your Spells              Type           Power      Damage    Failure   Level
a - Summon Small Mammal   Summ           52%        N/A       4%          1

Your spell library contained the following spells:

 Spells                   Type           Power      Damage    Failure   Level
 Call Imp                 Summ           13%        N/A       7%          2
 Call Canine Familiar     Summ           13%        N/A       13%         3
 Summon Guardian Golem    Hex/Summ       7%         N/A       30%         3
 Summon Lightning Spire   Summ/Air       7%         N/A       71%         4


Dungeon Overview and Level Annotations

Branches:
Dungeon (1/15)

Altars:

Shops:
D:1 (?


Innate Abilities, Weirdness & Mutations

((You are quick and stealthy near water. (Stealth+, EV+, Speed+++)))
Your lower body shifts to a powerful aquatic tail in water.


Message History

You are frozen.
The endoplasm closely misses you.
You hit the endoplasm but do no damage.
The endoplasm is almost dead.
The endoplasm misses you.
You hit the endoplasm.
You kill the endoplasm!
You start resting.
HP restored.
Found 18 stones.
Found 11 gold pieces.
Found Numufet's Magic Scroll Emporium.
Found an escape hatch in the floor.
You now have 11 gold pieces.
There is an entrance to Numufet's Magic Scroll Emporium here.
A bat comes into view.
There is an entrance to Numufet's Magic Scroll Emporium here.
You can access your shopping list by pressing '$'.
Found a rapier.
You see here a +0 rapier.
c - a +0 rapier
c - a +0 rapier (weapon)
A hobgoblin comes into view.
A kobold comes into view. It is wielding a +0 dagger.
The hobgoblin shouts!
The kobold shouts!
You closely miss the hobgoblin. The hobgoblin closely misses you.
You hit the hobgoblin.
The hobgoblin is severely wounded.
The kobold hits you with a +0 dagger. The hobgoblin hits you.
You hit the hobgoblin but do no damage.
The hobgoblin is severely wounded.
The kobold misses you. The hobgoblin hits you.
You barely miss the hobgoblin.
The hobgoblin is severely wounded.
The kobold hits you with a +0 dagger. The hobgoblin barely misses you.
The kobold completely misses you.
You barely miss the hobgoblin.
The hobgoblin is severely wounded.
The hobgoblin hits you.
* * * LOW HITPOINT WARNING * * *
The kobold hits you with a +0 dagger.
You die...

#..# #.## .... #.# #.##
...## ########.# #####
#(#. ##.# #......#.#
#...# #.#. #.#
#......#.# ###...###+#.
#.# #......#.#
#........... +........#
#...........
#....K...###...........
#....g@................
#######.#####.######...
### ##..# #.## #...# #.
#...# # ##..## #...#
..# #...# .b. ##...#


You could see a hobgoblin and a kobold.

Vanquished Creatures
  An endoplasm (D:1)
1 creature vanquished.

Vanquished Creatures (collateral kills)
  A ball python (D:1)
  A kobold (D:1)
2 creatures vanquished.

Grand Total: 3 creatures vanquished

Notes
Turn   | Place    | Note
-------+----------+-------------------------------------------
     0 | D:1      | mcbry74 the Merfolk Summoner began the quest for the Orb.
     0 | D:1      | Reached XP level 1. HP: 13/13 MP: 3/3
    45 | D:1      | Found Xitul's Antique Weapon Boutique.
   278 | D:1      | Found Numufet's Magic Scroll Emporium.
   385 | D:1      | Slain by a kobold

Illustrated notes

Levels and vault maps discovered:
D:1:      dpeg_arrival_rooms_a, layout_basic,
          shapermc_ecumenical_altar_mp_ritualfount, serial_curves,
          eino_curves_04, eino_curves_03, serial_shops, shop,
          nicolae_shop_statue_plus

Action                   || total
-------------------------++-------
Melee: Rapier            ||     5
       Club              ||     4
 Cast: Summon Small Mamm ||     1
Dodge: Dodged            ||     6
